Map: Amphion LE

Players

xBenx

  • Race: Zerg Zerg
  • League: Gold
  • Spawn Location: 11:00

BlackMamba - Winner!

  • Race: Zerg Zerg
  • League: Platinum
  • Spawn Location: 7:00

VOD

Have the link to the VOD?

Description

xBenx vs BlackMamba

Time

  • Played on: March 30, 2024, 1:58 p.m.
  • Length: 14:45
Show
View Real Time Build Order
Export as new Build Order

xBenx Zerg 

Build Orders: Hatch First 

Get SALT Encoding   

  12  0:02  Drone  
  13  0:22  Drone  
  14  0:31  Overlord  
  14  0:45  Hatchery  
  14  0:49  Drone  
  14  1:02  Drone x2  
  16  1:16  Drone x2  
  18  1:24  Spawning Pool  
  17  1:31  Extractor  
  17  1:32  Drone  
  17  1:44  Drone  
  18  1:53  Drone  
  19  1:57  Drone  
  20  2:10  Overlord  
  20  2:11  Queen x2  
  20  2:14  Drone  
  25  2:25  Drone  
  25  2:26  Drone  
  25  2:27  Drone  
  25  2:29  Zergling x2  
  29  2:39  Drone  
  30  2:44  Zergling x2  
  31  2:52  Lair  
  31  2:54  Zergling x6  
  34  3:00  Extractor  
  34  3:01  Drone  
  33  3:22  Roach Warren  
  33  3:24  Drone x3  
  35  3:28  Overlord x2  
  35  3:34  Metabolic Boost  
  35  3:38  Burrow  
  35  3:42  Spine Crawler  
  35  3:45  Spore Crawler  
  35  3:46  Drone x2  
  35  4:04  Nydus Network  
  33  4:25  Spine Crawler  
  33  4:26  Drone x3, Spine Crawler  
  33  4:28  Drone, Spine Crawler  
  33  4:29  Drone x3  
  41  4:38  Roach x2  
  41  5:05  Drone x2  
  41  5:06  Drone, Spine Crawler  
  45  5:07  Zergling x6, Roach x3  
  45  5:12  Nydus Canal  
  51  5:17  Overseer  
  51  5:22  Roach  
  51  5:23  Extractor, Spine Crawler  
  51  5:25  Roach  
  51  5:27  Roach  
  49  5:34  Nydus Canal  
  44  5:50  Zergling x2  
  44  5:51  Zergling x6, Roach x2  
  50  6:11  Hatchery, Spine Crawler  
  48  6:18  Evolution Chamber  
  48  6:23  Evolution Chamber  
  38  6:28  Zergling x10, Evolution Chamber  
  38  6:29  Roach  
  38  6:30  Overlord  
  44  6:35  Glial Reconstitution  
  44  6:49  Overlord  
  44  6:51  Nydus Canal  
  44  7:02  Roach x3  
  44  7:03  Hydralisk Den  
  44  7:05  Drone x4  
  44  7:06  Drone x3  
  50  7:11  Nydus Canal  
  50  7:13  Roach x2  
  48  7:26  Zerg Melee Weapons Level 1, Zerg Missile Weapons Level 1, Zerg Ground Armor Level 1  
  40  7:40  Grooved Spines  
  40  7:41  Hydralisk, Roach x2  
  40  7:42  Drone  
  46  7:44  Drone x2  
  46  7:46  Drone  
  49  8:03  Hatchery  
  49  8:04  Nydus Canal  
  48  8:07  Hydralisk  
  48  8:12  Drone x2  
  52  8:18  Drone x3  
  55  8:24  Nydus Canal  
  54  8:31  Lurker Den  
  53  8:47  Infestation Pit  
  52  8:52  Extractor  
  52  8:55  Spore Crawler  
  50  8:59  Drone x2  
  50  9:02  Nydus Canal  
  52  9:05  Overseer  
  52  9:06  Overlord x2  
  52  9:07  Overlord  
  52  9:13  Overlord x2  
  53  9:17  Drone  
  53  9:19  Nydus Canal  
  53  9:21  Tunneling Claws  
  53  9:29  Zergling x8  
  57  9:33  Spine Crawler  
  56  9:44  Nydus Canal  
  56  9:47  Hydralisk x2  
  56  9:48  Zergling x6, Roach x2  
  68  10:00  Spine Crawler  
  67  10:13  Nydus Canal  
  65  10:26  Hydralisk  
  65  10:27  Zergling x6, Hydralisk x4  
  65  10:28  Zergling x10  
  81  10:40  Zergling x4, Hydralisk  
  81  10:41  Zergling x2  
  76  10:45  Drone  
  71  10:51  Hydralisk  
  40  11:10  Drone x3  
  31  11:11  Overseer  
  9  11:48  Roach x4  
  9  12:27  Drone  
  9  12:34  Roach x4  
  9  12:43  Extractor  
  8  13:11  Roach x4  
  8  13:25  Roach x4  
  8  13:50  Roach x4  
  8  14:13  Roach x3  
Show
View Real Time Build Order
Export as new Build Order

BlackMamba Zerg - Winner!

Build Orders: Hatch First 

Get SALT Encoding   

  12  0:00  Drone  
  13  0:12  Overlord  
  13  0:18  Drone  
  14  0:32  Drone x2  
  14  0:35  Drone  
  17  0:53  Hatchery  
  16  0:57  Drone  
  16  1:01  Drone  
  18  1:11  Extractor  
  18  1:17  Spawning Pool  
  16  1:20  Drone  
  16  1:23  Drone  
  18  1:28  Drone  
  19  1:42  Overlord  
  19  1:59  Drone  
  20  2:04  Queen  
  20  2:05  Zergling x2  
  20  2:06  Zergling x2, Queen  
  26  2:14  Metabolic Boost  
  26  2:17  Drone  
  27  2:28  Drone x2  
  29  2:30  Drone  
  29  2:33  Overlord  
  30  2:58  Queen, Hatchery  
  30  3:00  Drone  
  30  3:02  Drone  
  30  3:03  Drone  
  34  3:21  Zergling x8  
  34  3:23  Overlord x2  
  38  3:29  Drone x3  
  41  3:40  Drone x2  
  43  3:57  Queen  
  43  4:01  Drone x4  
  43  4:02  Overlord x2  
  48  4:27  Baneling Nest  
  48  4:28  Extractor  
  48  4:29  Drone  
  48  4:30  Drone x10  
  57  4:32  Extractor  
  57  4:38  Lair  
  56  4:42  Queen x2  
  60  4:47  Drone x3  
  60  4:49  Drone  
  64  4:56  Drone x2  
  64  4:58  Drone  
  67  5:13  Drone  
  67  5:14  Drone x3  
  71  5:17  Drone x2  
  71  5:18  Extractor  
  71  5:19  Extractor, Drone x3  
  71  5:21  Drone x3  
  77  5:38  Zergling x10  
  81  5:55  Zergling x2  
  81  5:57  Overlord  
  81  5:58  Overlord x3  
  79  6:14  Zergling x8  
  81  6:23  Zergling x14  
  87  6:33  Drone  
  87  6:35  Drone, Roach Warren  
  87  6:37  Drone  
  88  6:44  Zergling x2  
  89  7:04  Extractor  
  84  7:16  Zergling x16  
  84  7:17  Zergling x2  
  84  7:35  Zergling x18  
  92  7:45  Roach x5  
  102  8:01  Drone  
  102  8:02  Drone x6  
  109  8:41  Roach x2  
  113  8:43  Overlord x7  
  113  9:07  Roach x15  
  143  9:10  Glial Reconstitution  
  143  9:14  Hatchery  
  143  9:15  Hatchery  
  141  9:17  Evolution Chamber  
  141  9:18  Evolution Chamber  
  139  9:34  Roach x2  
  139  9:35  Roach x9  
  161  9:58  Roach x4  
  146  10:26  Roach x3  
  146  10:27  Roach x14  
  168  10:39  Roach x5  
  159  11:01  Roach x5  
  116  13:18  Hatchery  
  115  13:40  Drone  
  115  13:41  Drone x15  
Tags
 
Add a new tag
Caveats
  • Supply blocks, unpowered buildings, or Contaminate may cause inaccurate times.
  • Supply counts are checked every 10 seconds.